Map: 大气2000-天梯版

Players

CoffeeMs (Coffee)

  • Race: Terran Terran
  • League: Master

iGMacSed (MacSed) - Winner!

  • Race: Protoss Protoss
  • League: Grandmaster

Event: DreamHack SC2 Masters 2021 Fall

VOD

Have the link to the VOD?

Description

Time

  • Played on: Aug. 7, 2021, 7:51 a.m.
  • Length: 11:32

All games in this series

Show
View Real Time Build Order
Export as new Build Order

CoffeeMs Terran 

Build Orders:  

Get SALT Encoding   

  12  0:00  SCV  
  13  0:12  SCV  
  14  0:16  Supply Depot  
  14  0:24  SCV  
  15  0:38  SCV  
  15  0:40  Barracks  
  16  0:42  Refinery  
  16  0:50  SCV  
  17  1:02  SCV  
  18  1:14  SCV  
  19  1:28  Marine, Orbital Command  
  20  1:46  Command Center  
  20  1:48  Barracks Reactor  
  20  1:54  SCV  
  20  1:59  Supply Depot  
  21  2:06  SCV  
  22  2:12  Barracks  
  22  2:18  SCV  
  22  2:21  Barracks  
  23  2:27  Marine x2  
  25  2:31  SCV  
  25  2:36  Bunker  
  26  2:43  SCV  
  27  2:46  Marine x2  
  29  2:56  SCV  
  29  2:59  Orbital Command  
  29  3:03  Barracks Tech Lab  
  29  3:05  Marine x2  
  31  3:08  SCV  
  31  3:10  Barracks Tech Lab  
  32  3:20  SCV  
  32  3:21  Stimpack  
  32  3:23  Marine x3  
  36  3:27  SCV  
  36  3:30  Supply Depot  
  36  3:32  SCV  
  38  3:36  Combat Shield  
  38  3:41  Marine x3  
  39  3:42  SCV  
  39  3:48  SCV  
  43  3:52  Marauder  
  43  3:54  Supply Depot  
  45  4:00  Marauder  
  45  4:01  SCV x2  
  45  4:02  Refinery  
  49  4:03  Marine x2  
  51  4:10  Engineering Bay  
  51  4:13  SCV x2  
  53  4:17  Refinery  
  53  4:20  Supply Depot  
  53  4:22  Marine  
  53  4:23  Marine  
  55  4:25  SCV x2  
  55  4:31  Marauder x2  
  61  4:37  SCV  
  62  4:38  Missile Turret  
  62  4:41  Factory  
  62  4:42  SCV  
  63  4:46  Marine x2  
  63  4:51  Supply Depot  
  65  4:53  SCV  
  65  4:54  SCV  
  66  5:00  Marine x2  
  66  5:04  Terran Infantry Weapons Level 1  
  66  5:05  SCV  
  66  5:06  SCV  
  66  5:16  Marine x2  
  66  5:17  SCV  
  66  5:18  SCV  
  70  5:21  Marine x2  
  70  5:23  Missile Turret  
  72  5:30  SCV x2  
  72  5:31  Factory Reactor, Starport  
  74  5:38  Supply Depot  
  74  5:42  Supply Depot  
  74  5:44  SCV x2  
  76  5:51  Marine x3  
  76  5:53  Marine  
  76  5:57  Supply Depot  
  77  6:00  SCV  
  77  6:02  SCV  
  79  6:09  Marine  
  79  6:12  SCV  
  79  6:14  SCV, Factory Reactor  
  81  6:18  Medivac x2  
  84  6:33  Marauder x2  
  84  6:36  Marine x2  
  84  6:39  SCV x2  
  87  6:50  Medivac x2  
  91  6:54  Widow Mine x2  
  91  6:55  SCV  
  91  6:56  SCV  
  91  6:57  Barracks, Command Center  
  91  6:58  Barracks  
  91  6:59  Supply Depot  
  97  7:03  Terran Infantry Armor Level 1  
  94  7:10  Marine x2  
  94  7:11  Marauder x2  
  94  7:13  SCV  
  94  7:15  SCV  
  96  7:43  Marine x2, Marauder x2  
  100  7:44  Medivac x2  
  100  7:45  Widow Mine  
  99  7:53  SCV x2  
  99  7:55  Barracks Reactor, Barracks Tech Lab  
  97  7:58  Refinery  
  97  8:03  Marine x2  
  99  8:05  SCV  
  99  8:06  SCV  
  99  8:10  Starport, Marauder x2  
  99  8:11  Orbital Command  
  105  8:14  Missile Turret  
  105  8:18  SCV  
  103  8:34  Marauder x3  
  103  8:35  Marine x3  
  103  8:38  Viking x2  
  103  8:41  SCV x2  
  110  8:58  Marauder x2  
  110  9:01  Marauder  
  104  9:14  Marine x3  
  96  9:19  Marauder x2  
  96  9:22  Marauder  
  87  9:42  Marauder x2  
Show
View Real Time Build Order
Export as new Build Order

iGMacSed Protoss - Winner!

Build Orders: 1 Gate Expand, Phoenix Opening, Colossus Rush 

Get SALT Encoding   

  12  0:00  Probe  
  13  0:12  Probe  
  14  0:18  Pylon  
  14  0:24  Probe (Chrono Boost)  
  15  0:36  Gateway, Probe (Chrono Boost)  
  16  0:44  Probe (Chrono Boost)  
  16  0:46  Assimilator  
  17  0:51  Probe  
  18  1:03  Probe  
  19  1:15  Probe  
  20  1:23  Cybernetics Core  
  20  1:32  Nexus  
  20  1:39  Pylon  
  20  1:43  Probe  
  21  1:56  Probe  
  21  1:57  Assimilator, Adept (Chrono Boost)  
  25  2:08  Probe  
  25  2:18  Adept (Chrono Boost)  
  25  2:20  Probe  
  28  2:27  Stargate  
  28  2:32  Probe  
  28  2:36  Warp Gate  
  29  2:40  Adept  
  31  2:45  Probe (Chrono Boost)  
  31  2:50  Probe (Chrono Boost)  
  33  2:55  Probe (Chrono Boost)  
  35  2:58  Probe (Chrono Boost)  
  35  3:00  Probe (Chrono Boost)  
  36  3:09  Probe  
  36  3:11  Gateway  
  36  3:12  Phoenix (Chrono Boost), Probe  
  40  3:21  Probe  
  40  3:24  Probe  
  40  3:25  Pylon  
  42  3:32  Phoenix  
  42  3:33  Probe  
  45  3:36  Probe  
  46  3:41  Robotics Facility  
  46  3:45  Probe  
  47  3:48  Gateway  
  47  3:50  Probe  
  48  3:57  Probe  
  48  4:02  Probe  
  49  4:06  Shield Battery, Phoenix  
  49  4:09  Probe  
  52  4:10  Pylon  
  52  4:16  Pylon  
  52  4:19  Probe  
  52  4:21  Assimilator  
  52  4:23  Assimilator  
  53  4:27  Pylon, Immortal (Chrono Boost)  
  57  4:36  Zealot x2  
  61  4:39  Probe x2  
  63  4:48  Robotics Bay  
  63  4:51  Probe  
  63  4:52  Forge  
  64  4:59  Observer (Chrono Boost)  
  65  5:01  Phoenix  
  67  5:09  Zealot x3  
  67  5:11  Observer  
  67  5:13  Pylon  
  73  5:19  Immortal (Chrono Boost)  
  77  5:25  Pylon  
  77  5:30  Protoss Ground Weapons Level 1  
  77  5:38  Pylon  
  77  5:39  Probe  
  78  5:51  Probe  
  78  5:53  Colossus (Chrono Boost)  
  78  5:57  Sentry  
  87  6:01  Zealot x2  
  87  6:03  Pylon  
  91  6:07  Probe  
  91  6:09  Pylon  
  91  6:10  Phoenix  
  94  6:18  Pylon  
  94  6:23  Gateway  
  94  6:32  Colossus (Chrono Boost)  
  92  6:41  Zealot x3  
  92  6:45  Gateway  
  98  6:51  Gateway  
  98  6:56  Phoenix  
  99  7:02  Sentry x2  
  99  7:04  Pylon  
  103  7:15  Nexus  
  103  7:34  Stalker x4  
  111  7:40  Phoenix  
  113  7:48  Warp Prism (Chrono Boost)  
  113  7:49  Robotics Bay  
  113  7:58  Sentry, Stalker x3  
  119  8:05  Phoenix (Chrono Boost)  
  119  8:10  Nexus  
  121  8:19  Stalker x2  
  125  8:23  Phoenix (Chrono Boost)  
  123  8:42  Extended Thermal Lance, Probe  
  123  8:45  Phoenix  
  123  8:47  Pylon  
  124  8:50  Zealot x5  
  134  9:09  Stalker  
  130  9:10  Stalker x3  
  130  9:11  Stalker  
  132  9:28  Phoenix  
  120  10:36  Nexus  
  120  10:52  Pylon  

Tags
 
Add a new tag
Caveats
  • Supply blocks, unpowered buildings, or Contaminate may cause inaccurate times.
  • Supply counts are checked every 10 seconds.